 Dungeon Crawl Stone Soup version 0.30-a0-424-g7412bad402 (webtiles) character file.

Game seed: 1270908477678992347

263 IdlyInterested the Insei (level 5, -1/33 (38) HPs)
             Began as a Demonspawn Wanderer on Dec 9, 2022.
             Slain by Edmund
             ... wielding a +4 flail of draining
              (4 damage)
             ... on level 4 of the Dungeon.
             The game lasted 00:11:22 (4375 turns).

IdlyInterested the Insei (Demonspawn Wanderer)      Turns: 4375, Time: 00:11:22

HP:   -1/33 (38)    AC:  3    Str: 18    XL:     5   Next: 98%
MP:   5/6           EV: 15    Int: 12    God:
Gold: 324           SH:  7    Dex: 16    Spells: 5/6 levels left

rFire   . . .      SeeInvis .      - Unarmed
rCold   . . .      Faith    .    e - +2 buckler
rNeg    . . .      Spirit   .    q - +0 leather armour
rPois   .          Reflect  .    (no helmet)
rElec   .          Harm     .    (no cloak)
rCorr   .          Rampage  .    (no gloves)
Will    .....                    (no boots)
Stlth   ++........               (no amulet)
HPRegen 0.25/turn                g - +4 ring of evasion
MPRegen 0.10/turn                j - +6 ring of strength

@: heavily drained
A: demonic guardian 1, demonic touch 1
a: no special abilities


You were on level 4 of the Dungeon.
You visited 1 branch of the dungeon, and saw 4 of its levels.

You collected 324 gold pieces.

Inventory:

Hand Weapons
 a - a +1 dagger
Missiles
 h - 35 stones
Armour
 e - a +2 buckler (worn)
 m - a +0 robe
 q - a +0 leather armour (worn)
Magical Staves
 v - a staff of air
Jewellery
 g - a +4 ring of evasion (left hand)
 j - a +6 ring of strength (right hand)
Wands
 b - a wand of flame (3)
Scrolls
 c - a scroll of butterflies
 d - a scroll of enchant weapon
 r - a scroll of vulnerability
 t - a scroll of magic mapping
 x - a scroll of poison
Potions
 f - a potion of curing
 i - a potion of attraction
 k - a potion of cancellation
 l - a potion of flight {unknown}
 n - a potion of brilliance {unknown}
 o - a potion of ambrosia {unknown}
 p - a potion of magic
 s - a potion of might {unknown}
 u - a potion of mutation {unknown}


   Skills:
 + Level 1.8 Fighting
 - Level 1.0 Armour
 - Level 1.0 Dodging
 - Level 1.0 Stealth
 - Level 2.6 Shields
 * Level 4.2 Unarmed Combat
 - Level 1.0 Spellcasting
 - Level 2.0 Conjurations
 - Level 1.0 Fire Magic
 - Level 4.0 Evocations


You had 5 spell levels left.
You knew the following spells:

 Your Spells              Type           Power      Damage    Failure   Level
a - Foxfire               Conj/Fire      16%        2x1d4     26%         1

Your spell library contained the following spells:

 Spells                   Type           Power      Damage    Failure   Level
 Dazzling Flash           Conj/Hex       6%         N/A       67%         3
 Hailstorm                Conj/Ice       3%         3d3       67%         3
 Ignite Poison            Fire/Tmut/Pois 1%         N/A       78%         3
 Sticky Flame             Conj/Fire      4%         2d3       95%         4
 Agony                    Necr           0%         N/A       100%        5
 Silence                  Hex/Air        0%         N/A       100%        5
 Ignition                 Fire           1%         3d3       100%        8


Dungeon Overview and Level Annotations

Branches:
Dungeon (4/15)
 Temple: D:4-7

Altars:

Shops:
D:4 :

Annotations:
D:4 1 transporter, Edmund


Innate Abilities, Weirdness & Mutations

A weak demonic guardian rushes to your aid.
Your touch may inflict minor irresistible damage on your foes.


Message History

You hit Edmund but do no damage.
The foxfire hits Edmund.
Edmund is lightly wounded.
You completely miss Edmund.
Edmund is lightly wounded.
Edmund misses you.
You hit Edmund.
Edmund is lightly wounded.
You block Edmund's attack.
You hit Edmund but do no damage.
Edmund is lightly wounded.
Edmund hits you with a +4 flail of draining!
You feel drained.
You hit Edmund.
Edmund is moderately wounded.
Edmund closely misses you.
You hit Edmund.
Edmund is moderately wounded.
Edmund closely misses you.
You hit Edmund.
Edmund is moderately wounded.
You block Edmund's attack.
You closely miss Edmund.
Edmund is moderately wounded.
Edmund hits you with a +4 flail of draining.
You feel drained.
A demonic guardian appears!
Unknown command.
Casting: Foxfire (safe; 26% risk of failure)
Press: ? - help, Q - select action, (/) - cycle Dir - look around, f - activate You conjure some foxfire!
You block Edmund's attack.
You closely miss Edmund.
Edmund is moderately wounded.
The foxfire hits Edmund but does no damage.
Edmund is moderately wounded.
The foxfire hits Edmund but does no damage.
Edmund is moderately wounded.
Edmund hits you with a +4 flail of draining!
* * * LOW HITPOINT WARNING * * *
You feel drained.
You die...

##..#...............
#..................
###.......8........
##........#...##.
###.....8..#... .
##.#........
#...........
##5§.........
#.@.§........
#.@..........
##...........
............
.....".....##
.............
......####.©.#
.....### ###


You could see Edmund (ally target) and a friendly shadow imp (summoned).

Vanquished Creatures
  A centaur (D:4)
  A scorpion (D:4)
  5 adders
  2 worms (D:2)
  7 endoplasms
  4 giant cockroaches
  6 goblins
  7 hobgoblins
  3 jackals (D:2)
  5 kobolds
  4 quokkas
  9 ball pythons
  3 bats
  18 frilled lizards
  4 rats
79 creatures vanquished.

Vanquished Creatures (others)
  8 foxfires
  4 plants (D:1)
12 creatures vanquished.

Grand Total: 91 creatures vanquished

Notes
Turn   | Place    | Note
-------+----------+-------------------------------------------
     0 | D:1      | IdlyInterested the Demonspawn Wanderer began the quest for
                  | the Orb.
     0 | D:1      | IdlyInterested set off with the following items: a +0
                  | dagger, a wand of flame (3), a scroll of butterflies, a +0
                  | robe, a +2 buckler; and the following spell memorised:
                  | Foxfire; and the following spells available to memorise:
                  | Hailstorm.
     0 | D:1      | Reached XP level 1. HP: 13/13 MP: 2/2
   216 | D:1      | Reached skill level 1 in Fighting
   229 | D:1      | Gained mutation: Your touch may inflict minor irresistible
                  | damage on your foes. [demonic ancestry]
   229 | D:1      | Reached XP level 2. HP: 21/21 MP: 3/3
   284 | D:1      | Reached skill level 1 in Armour
   541 | D:1      | Reached skill level 1 in Dodging
   713 | D:1      | Reached skill level 1 in Unarmed Combat
   719 | D:1      | Reached XP level 3. HP: 16/26 MP: 4/4
  2335 | D:2      | Reached skill level 1 in Stealth
  2335 | D:2      | Reached XP level 4. HP: 22/32 MP: 5/5
  4062 | D:4      | Noticed a centaur
  4084 | D:4      | Killed a centaur
  4085 | D:4      | Gained mutation: A weak demonic guardian rushes to your
                  | aid. [demonic ancestry]
  4085 | D:4      | Reached XP level 5. HP: 7/38 MP: 6/6
  4112 | D:4      | HP: 1/38 [scorpion (4)]
  4119 | D:4      | Reached skill level 1 in Fire Magic
  4322 | D:4      | Found Kuhautwe's Book Boutique.
  4361 | D:4      | Noticed Edmund
  4362 | D:4      | Found a transporter.
  4375 | D:4      | Slain by Edmund

Illustrated notes

Levels and vault maps discovered:
D:1:      dpeg_arrival_windows_large_door, layout_loops_corners,
          minmay_lizard_king
D:2:      layout_loops_corners
D:3:      layout_basic
D:4:      layout_cave_pools, nicolae_sif_muna_little_library,
          serial_column_ruins, column_ruins_columns_dead_end,
          column_ruins_open_tiny, column_ruins_open_small,
          column_ruins_columns_corner, column_ruins_open_small_water,
          column_ruins_open_medium, column_ruins_open_small, serial_shops,
          shop_coins, gammafunk_ghost_stat_death, uniq_grinder, uniq_edmund

Skill      XL: |  1  2  3  4  5 |
---------------+----------------+-----
Fighting       | 1 |  1.8
Armour         | 1 |  1.0
Dodging        | 1 |  1.0
Unarmed Combat | 1 3 4 |  4.2
Stealth        | 1 |  1.0
Fire Magic     | 1 |  1.0
Shields        | |  2.6
Spellcasting   | |  1.0
Conjurations   | |  2.0
Evocations     | |  4.0

Action                   |  1- 3 |  4- 6 || total
-------------------------+-------+-------++-------
Melee: Dagger            |   131 |       ||   131
       Unarmed           |   167 |   134 ||   301
 Cast: Foxfire           |     4 |     2 ||     6
  Use: Scroll            |     6 |     7 ||    13
       Potion            |     1 |     1 ||     2
 Stab: Sleeping          |     4 |     2 ||     6
       Distracted        |       |     1 ||     1
Armor: Robe              |    22 |       ||    22
       Leather armour    |     4 |    17 ||    21
Dodge: Dodged            |   150 |    86 ||   236
Block: Buckler           |    98 |    46 ||   144

Table legend: (Time is in decaauts)
 A = Elapsed time spent in this place.
 B = Non-inter-level travel time spent in this place.
 C = Inter-level travel time spent in this place.
 D = Time resting spent in this place.
 E = Time spent auto-exploring this place.
 F = Levels seen in this place.
 G = Mean time per level.
                   A        B        C        D        E       F      G
               +--------+--------+--------+--------+--------+-----+--------+
         Total |   4385 |   4113 |    272 |    964 |   2122 |   4 | 1096.2 |
       Dungeon |   4385 |   4113 |    272 |    964 |   2122 |   4 | 1096.2 |
               +--------+--------+--------+--------+--------+-----+--------+

Top non-repeatable levels by time:
     D:1: 1601 daAuts
     D:2: 1521 daAuts
     D:3: 952 daAuts
     D:4: 310 daAuts
